Map: Acropolis LE

Players

GeNieS - Winner!

  • Race: Protoss Protoss
  • League: Grandmaster
  • Spawn Location: 11:00

printf

  • Race: Protoss Protoss
  • Spawn Location: 5:00

VOD

Have the link to the VOD?

Description

Time

  • Played on: Oct. 20, 2019, 2:18 p.m.
  • Length: 5:17
Show
View Real Time Build Order
Export as new Build Order

GeNieS Protoss - Winner!

Build Orders:  

Get SALT Encoding   

  12  0:00  Probe  
  13  0:12  Probe  
  14  0:17  Pylon  
  14  0:25  Probe  
  15  0:35  Gateway  
  15  0:46  Forge  
  15  0:52  Probe  
  16  1:02  Pylon  
  16  1:07  Pylon  
  16  1:21  Photon Cannon  
  16  1:24  Gateway  
  16  1:38  Photon Cannon  
  16  1:39  Pylon  
  16  1:55  Probe  
  17  2:05  Photon Cannon  
  17  2:08  Probe  
  18  2:22  Pylon  
  18  2:25  Pylon  
  18  2:27  Assimilator  
  18  2:33  Photon Cannon  
  18  2:35  Probe  
  19  2:38  Assimilator  
  19  2:43  Cybernetics Core  
  19  2:49  Photon Cannon  
  19  2:50  Probe  
  20  3:03  Probe (Chrono Boost)  
  21  3:12  Gateway  
  21  3:15  Probe (Chrono Boost), Pylon  
  21  3:18  Stalker (Chrono Boost)  
  22  3:24  Probe (Chrono Boost)  
  25  3:30  Warp Gate  
  25  3:31  Probe  
  26  3:41  Stalker  
  28  3:53  Robotics Facility  
  28  3:57  Twilight Council  
  28  4:02  Probe  
  29  4:07  Stalker  
  31  4:11  Stalker  
  33  4:18  Pylon  
  33  4:32  Photon Cannon  
  33  4:48  Gateway  
  33  5:13  Nexus  
Show
View Real Time Build Order
Export as new Build Order

printf Protoss 

Build Orders:  

Get SALT Encoding   

  12  0:00  Probe (Chrono Boost)  
  13  0:10  Probe (Chrono Boost)  
  14  0:17  Pylon  
  14  0:22  Probe  
  15  0:35  Probe  
  15  0:38  Forge  
  16  0:48  Probe  
  17  0:54  Gateway  
  17  1:00  Assimilator  
  17  1:06  Probe  
  18  1:17  Pylon  
  19  1:30  Photon Cannon  
  14  2:19  Probe  
  14  2:40  Pylon  
  11  3:08  Nexus  
  11  3:10  Probe  
  11  3:24  Probe  
  11  3:38  Probe (Chrono Boost)  
  13  3:49  Probe (Chrono Boost)  
  13  3:54  Probe (Chrono Boost)  
  13  4:03  Assimilator  
  13  4:34  Pylon  
  13  4:37  Probe (Chrono Boost)  
  14  4:48  Probe (Chrono Boost)  
  15  4:54  Probe (Chrono Boost)  
  16  5:00  Cybernetics Core  
  16  5:04  Probe  
Tags
 
Matchup
PvP
Spawn Locations
Cross Positions
Add a new tag
Caveats
  • Supply blocks, unpowered buildings, or Contaminate may cause inaccurate times.
  • Supply counts are checked every 10 seconds.